 Dungeon Crawl Stone Soup version 0.32-a0-433-g08bcfe7efd (webtiles) character file.

Game seed: 11781982295258029129

4 Bravepunisher the Ducker (level 1, -4/11 HPs)
             Began as a Spriggan Monk on Feb 22, 2024.
             Slain by Pikel
             ... wielding a +1 whip of flaming
              (5 damage)
             ... on level 4 of the Dungeon.
             The game lasted 00:01:57 (367 turns).

Bravepunisher the Ducker (Spriggan Monk)             Turns: 367, Time: 00:01:58

Health: -4/11      AC:  2    Str:  7    XL:     1   Next: 58%
Magic:  2/2        EV: 19    Int: 11    God:
Gold:   23         SH:  0    Dex: 17    Spells: 0/0 levels left

rFire   . . .        a - +0 short sword
rCold   . . .        (no shield)
rNeg    . . .        b - +0 robe
rPois   .            (helmet restricted)
rElec   .            (no cloak)
rCorr   .            (gloves unavailable)
SInv    +            (boots unavailable)
Will    .....        (no amulet)
Stlth   ++           (no ring)
HPRegen 0.21/turn    (no ring)
MPRegen 0.08/turn

%: no passive effects
@: very quick
A: very small, no large weapons, unfitting armour, see invisible, speed 3
a: no special abilities


You were on level 4 of the Dungeon.
You visited 1 branch of the dungeon, and saw 5 of its levels.

You collected 23 gold pieces.

Inventory:

Hand Weapons
 a - a +0 short sword (weapon)
Armour
 b - a +0 robe (worn)
Wands
 d - a wand of charming (6)
Scrolls
 e - a scroll of blinking {unknown}
 f - a scroll of enchant weapon {unknown}
Potions
 c - a potion of ambrosia
 g - a potion of enlightenment {unknown}


   Skills:
 + Level 2.5 Fighting
 - Level 3.2 Short Blades
 * Level 4.3 Dodging


You couldn't memorise any spells.
You didn't know any spells.
Your spell library was empty.

Dungeon Overview and Level Annotations

Branches:
Dungeon (5/15)
 Temple: D:4-7

Altars:
Ru

Annotations:
D:4 Eustachio, Pikel


Innate Abilities, Weirdness & Mutations

You are very small and have problems with some larger weapons.
You are too small for most types of armour.
You have supernaturally acute eyesight. (SInv)
You cover ground extremely quickly. (Speed+++)


Message History

The goblin hits you with a +0 club.
You hit the goblin.
You kill the goblin!
A ball python comes into view.
Things that are here:
a +0 club; a goblin corpse The ball python hisses angrily.
A ball python is nearby!
The ball python barely misses you. The ball python misses you.
You hit the ball python.
You kill the ball python!
You see here a ball python corpse.
HP restored.
A kobold comes into view. It is wielding a +0 short sword.
Found a stone staircase leading up.
Found a scale mail.
The kobold shouts!
You hear a shout!
Eustachio, Pikel and 3 lemures come into view.
Pikel is wielding a +1 whip of flaming, wearing a +1 robe of positive energy and carrying a wand of charming.
Found 7 gold pieces.
The lemure shouts! x2; You hear a shout!
Eustachio mumbles some strange words.
The kobold throws a stone.
The stone completely misses you.
Found an escape hatch in the ceiling.
Found a potion of ambrosia.
Found a spear.
Found a spear.
You see here a +0 spear.
Eustachio screams, "This atrocity can only be purified with blood!"
The lemure shouts!
A lemure comes into view.
The lemure shouts!
The lemure misses you.
Pikel shouts!
Pikel hits you with a +1 whip of flaming!
Ouch! That really hurt!
* * * LOW HITPOINT WARNING * * *
Pikel burns you.
You die...
Pikel says, "See you in Hell!"

.# ####.## ######
##############.....#
##.≈≈.##
.............#.....#
##≈.$.J!#
#####...####.#...5.#
#h.#⌠>#..
#.#..###.......#
.....#Yr#..
#####.##..##.......#
#.##.K.$.≈#
.......K........@K.#
##..≈.##
(...#..##[.##...55##
######
....##.###@#5.##..###
###..#.#
#.#.##.....##
#...<.#5#....####.#
.......@#.5## #)##
##.........#### #@.#
###.##.$.@...###.5##
#. ##...##.......##


You could see Pikel, 3 lemures and a shadow imp (summoned).

Vanquished Creatures
  A goblin (D:4)
  A hobgoblin (D:5)
  A quokka (D:5)
  A ball python (D:4)
4 creatures vanquished.

Notes
Turn   | Place    | Note
-------+----------+-------------------------------------------
     0 | D:1      | Bravepunisher the Spriggan Monk began the quest for the
                  | Orb.
     0 | D:1      | Reached XP level 1. HP: 11/11 MP: 2/2
    45 | D:4      | Noticed a jelly
    58 | D:4      | Noticed an iguana
    63 | D:5      | Entered Level 5 of the Dungeon
    87 | D:4      | Noticed a sky beast
   132 | D:5      | Noticed a scorpion
   184 | D:5      | Noticed a water moccasin
   251 | D:5      | Noticed a black bear
   252 | D:5      | Found a sacrificial altar of Ru.
   275 | D:5      | Noticed a hound
   335 | D:4      | Noticed Eustachio
   335 | D:4      | Noticed Pikel
   335 | D:4      | Noticed a lemure
   335 | D:4      | Noticed a lemure
   335 | D:4      | Noticed a lemure
   336 | D:4      | Noticed a quasit
   364 | D:4      | Noticed a lemure
   367 | D:4      | Slain by Pikel

Illustrated notes

Levels and vault maps discovered:
D:1:      onia_arrival_handbag, layout_basic
D:2:      layout_rooms
D:3:      layout_basic, lemuel_crystal_altar, corner_web_ring,
          minmay_pentomino_pile
D:4:      layout_rooms, mainiacjoe_overflow_six_doors_small,
          minmay_temple_entry_ruins, nzn_random_ring, uniq_eustachio, uniq_pikel
D:5:      layout_gridville, mainiacjoe_overflow_paths, serial_shops,
          nicolae_shop_statue_plus, minmay_strange_pillars, uniq_menkaure

Action                     || total
---------------------------++-------
  Melee: Short sword       ||    12
 Armour: Robe              ||     7
  Dodge: Dodged            ||    16

Table legend: (Time is in decaauts)
 A = Elapsed time spent in this place.
 B = Non-inter-level travel time spent in this place.
 C = Inter-level travel time spent in this place.
 D = Time resting spent in this place.
 E = Time spent auto-exploring this place.
 F = Levels seen in this place.
 G = Mean time per level.
                   A        B        C        D        E       F      G
               +--------+--------+--------+--------+--------+-----+--------+
         Total |    252 |    252 |      0 |     16 |     43 |   5 |   50.4 |
       Dungeon |    252 |    252 |      0 |     16 |     43 |   5 |   50.4 |
               +--------+--------+--------+--------+--------+-----+--------+

Top non-repeatable levels by time:
     D:5: 147 daAuts
     D:4: 75 daAuts
     D:2: 12 daAuts
     D:1: 8 daAuts
     D:3: 8 daAuts
